 Dungeon Crawl Stone Soup version 0.27-a0-1280-g9d2d252d84 (webtiles) character file.

Game seed: 7776705060775358560

36322 Feb132020 the Thaumaturge (level 13, -9/68 HPs)
             Began as a Deep Elf Air Elementalist on June 12, 2021.
             Was a High Priest of Makhleb.
             Mangled by an eight-headed hydra (10 damage)
             ... on level 5 of the Lair of Beasts on June 13, 2021.
             The game lasted 02:17:33 (19288 turns).

Feb132020 the Thaumaturge (DEAE)                   Turns: 19288, Time: 02:17:34

Health: -9/68      AC: 13    Str:  8    XL:     13   Next: 52%
Magic:  29/33      EV: 14    Int: 27    God:    Makhleb [*****.]
Gold:   1532       SH:  5    Dex: 18    Spells: 15/40 levels left

rFire    x . .     SeeInvis .   b - +3 short sword (speed)
rCold    . . .     Faith    .   E - +0 buckler
rNeg     + . .     Spirit   .   s - +4 leather armour of Qaibb {Str+3 Int+4}
rPois    +         Reflect  .   L - +2 helmet
rElec    .         Harm     .   M - +0 cloak
rCorr    .         Rampage  .   G - +1 pair of gloves "Denext" {rPois rF- rN+ Regen+}
Will     +....                  (no boots)
Stlth    ++++......             (no amulet)
HPRegen  1.21/turn              N - +4 ring of slaying
MPRegen  0.23/turn              O - +4 ring of slaying

@: no status effects
A: no striking features
a: Renounce Religion, Minor Destruction, Lesser Servant of Makhleb, Major
Destruction, Greater Servant of Makhleb


You were on level 5 of the Lair of Beasts.
You worshipped Makhleb.
Makhleb was extremely pleased with you.
You visited 2 branches of the dungeon, and saw 17 of its levels.
You also visited: Ice Cave.

You collected 2028 gold pieces.
You spent 496 gold pieces at shops.

Inventory:

Hand Weapons
 a - the +2 falchion "Cun Ximyeh" {vorpal, Int+4 Stlth+}
   (You found it on level 10 of the Dungeon)

   It inflicts extra damage upon your enemies.
   It affects your intelligence (+4).
   It makes you more stealthy.
 b - a +3 short sword of speed (weapon)
 t - a +1 vampiric dagger
 y - a +0 dagger of electrocution
 I - a +1 short sword of freezing
 S - the +3 quarterstaff "Killer Klown's Doom" {freeze, rC+ Int+5}
   (You found it on level 2 of the Lair of Beasts)

   It has been specially enchanted to freeze those struck by it, causing extra
   injury to most foes and up to half again as much damage against particularly
   susceptible opponents.
   It can also slow down cold-blooded creatures.
   It affects your intelligence (+5).
   It protects you from cold.
 V - the +8 scimitar "Epuzegh" {drain, +Blink Fly rC-}
   (You found it in an ice cave)

   A truly terrible weapon, it drains the life of those it strikes.
   It makes you vulnerable to cold.
   It grants you flight.
   It lets you blink.
Missiles
 A - 18 boomerangs of dispersal
 B - 11 atropa-tipped darts
 T - 2 throwing nets
Armour
 c - the +1 leather armour "Uthatory" {*Corrode rN+ Regen+}
   (You bought it in a shop on level 1 of the Dungeon)

   It protects you from negative energy.
   It increases your rate of health regeneration.
   It may corrode you when you take damage.
 j - a +2 robe of the Archmagi
 s - the +4 leather armour of Qaibb (worn) {Str+3 Int+4}
   (You found it on level 5 of the Lair of Beasts)

   It affects your strength (+3).
   It affects your intelligence (+4).
 D - +0 acid dragon scales
 E - a +0 buckler (worn)
 G - the +1 pair of gloves "Denext" (worn) {rPois rF- rN+ Regen+}
   (You acquired it on level 8 of the Dungeon)

   It makes you vulnerable to fire.
   It protects you from poison.
   It protects you from negative energy.
   It increases your rate of health regeneration.
 H - +0 steam dragon scales
 L - a +2 helmet (worn)
 M - a +0 cloak (worn)
 X - a +1 robe of cold resistance
Magical Staves
 e - a staff of poison
 h - a staff of fire
 w - a staff of death
Jewellery
 x - a ring of ice
 N - a +4 ring of slaying (left hand)
 O - a +4 ring of slaying (right hand)
 W - a ring of ice
 Z - a ring of willpower
Wands
 q - a wand of flame (38)
 C - a wand of digging (3)
 J - a wand of acid (12)
 K - a wand of iceblast (13)
 R - a wand of mindburst (13)
Scrolls
 g - a scroll of magic mapping
 l - 4 scrolls of identify
 m - 2 scrolls of fear
 n - a scroll of fog
 o - 6 scrolls of teleportation
 p - 2 scrolls of amnesia
 Q - 2 scrolls of holy word
Potions
 d - 3 potions of heal wounds
 f - 5 potions of might
 i - 11 potions of curing
 k - 2 potions of mutation
 u - a potion of ambrosia
 v - a potion of berserk rage
 z - 3 potions of haste
 F - 3 potions of lignification
 U - 4 potions of brilliance
 Y - 2 potions of invisibility
Miscellaneous
 r - a condenser vane
 P - a phial of floods


   Skills:
 - Level 3.0 Fighting
 + Level 4.9(5.0) Short Blades
 + Level 1.4(3.1) Long Blades
 + Level 3.4 Armour
 + Level 6.1 Dodging
 + Level 7.3 Stealth
 + Level 1.9 Shields
 + Level 14.4 Spellcasting
 + Level 7.6 Conjurations
 + Level 9.7 Hexes
 + Level 10.8 Air Magic
 * Level 10.8 Invocations
 + Level 1.3 Evocations


You had 15 spell levels left.
You knew the following spells:

 Your Spells              Type           Power      Damage    Failure   Level
a - Shock                 Conj/Air       100%       1d9       1%          1
b - Static Discharge      Conj/Air       62%        N/A       1%          2
c - Dazzling Flash        Conj/Hex       100%       N/A       1%          3
d - Airstrike             Air            33%        N/A       1%          4
e - Lightning Bolt        Conj/Air       31%        1d48      3%          5
s - Swiftness             Air            67%        N/A       1%          3
t - Tukima's Dance        Hex            64%        N/A       1%          3
F - Cause Fear            Hex            32%        N/A       1%          4

Your spell library contained the following spells:

 Spells                   Type           Power      Damage    Failure   Level
 Corona                   Hex            71%        N/A       1%          1
 Ensorcelled Hibernation  Hex/Ice        90%        N/A       1%          2
 Confusing Touch          Hex            64%        N/A       1%          3
 Silence                  Hex/Air        33%        N/A       1%          5
 Yara's Violent Unravell  Hex/Tmut       22%        3d10      19%         5
 Animate Dead             Necr           9%         N/A       45%         4
 Borgnjor's Vile Clutch   Necr/Erth      9%         N/A       80%         5
 Discord                  Hex            32%        N/A       99%         8
 Death Channel            Necr           9%         N/A       100%        6
 Simulacrum               Ice/Necr       9%         N/A       100%        6
 Haunt                    Necr/Summ      9%         N/A       100%        7
 Malign Gateway           Summ/Tloc      9%         N/A       100%        7
 Monstrous Menagerie      Summ           9%         N/A       100%        7
 Summon Horrible Things   Summ           9%         N/A       100%        8


Dungeon Overview and Level Annotations

Branches:
Dungeon (11/15)            Temple (0/1) D:4            Lair (6/6) D:10
 Shoals (0/4) Lair:4        Snake (0/4) Lair:2        Slime (0/5) Lair:5
  IceCv (visited)
    Orc: D:9-12

Altars:
Dithmenos
Makhleb
Nemelex Xobeh
Sif Muna
Vehumet
Yredelemnul
Beogh
Jiyva

Shops:
D:1 [   D:2 [!   D:3 (

Annotations:
D:8 2 runed translucent doors, confidenceinterval's ghost, journeyman DsIE
Lair:3 exclusion: 2 oklob plants


Message History

You block the eight-headed hydra's attack.
The eight-headed hydra bites you. x2; The eight-headed hydra bites you!
The eight-headed hydra bites you but does no damage. x2
The eight-headed hydra completely misses you.
The eight-headed hydra barely misses you.
Casting: Static Discharge (safe; 1% risk of failure)
Confirm with . or Enter, or press ? or * to list all spells.
The eight-headed hydra is struck by an arc of lightning.
The eight-headed hydra is lightly wounded.
The lightning grounds out.
You block the eight-headed hydra's attack. x2
The eight-headed hydra bites you.
The eight-headed hydra bites you but does no damage.
The eight-headed hydra misses you.
The eight-headed hydra bites you but does no damage. x2
The eight-headed hydra bites you.
Casting: Static Discharge (safe; 1% risk of failure)
Confirm with . or Enter, or press ? or * to list all spells.
The eight-headed hydra is struck by an arc of lightning!
The eight-headed hydra is lightly wounded.
You are struck by an arc of lightning.
The lightning grounds out.
The eight-headed hydra barely misses you.
The eight-headed hydra bites you! The eight-headed hydra bites you.
The eight-headed hydra bites you but does no damage. x2
The eight-headed hydra closely misses you.
The eight-headed hydra bites you!
The eight-headed hydra bites you but does no damage.
Okay, then.
A demon appears!
The eight-headed hydra bites you. The eight-headed hydra bites you!
* * * LOW HITPOINT WARNING * * *
The eight-headed hydra bites you.
* * * LOW HITPOINT WARNING * * *
The eight-headed hydra bites you but does no damage.
The eight-headed hydra bites you!
* * * LOW HITPOINT WARNING * * *
The eight-headed hydra bites you but does no damage.
You block the eight-headed hydra's attack.
The eight-headed hydra bites you!
You die...

P..........## ##.......###
..........## #.........#
...........# ##........###
............# #P........#.#
...........## #...........#
......PP..## #...P......##
..###...... ##.P......#.#
....####.......^.###
.......@...........#
......D...........##
..................3........##
.....>_.....................#
.............#..P..........##
..........###..###........P#
.........#.#...####......###
............#P..#.#.P....##
.....#....................##


You could see an eight-headed hydra (ally target) and a friendly ynoxinul
(summoned).

Vanquished Creatures
  Harold (Lair:2)
  A hydra (Lair:2)
  Fannar (Lair:3)
  2 catoblepae
  A centaur warrior (D:10)
  Erica (D:8)
  3 two-headed ogres
  A necromancer (IceCv)
  Pikel (D:9)
  An ugly thing (D:11)
  Maurice (D:9)
  5 elephants
  3 black mambas
  Maggie (D:9)
  2 rime drakes
  4 cane toads
  11 komodo dragons
  8 ice devils
  3 polar bears
  A troll (D:11)
  10 dream sheep (Lair:4)
  6 wyverns
  2 shadows (D:11)
  37 yaks
  Grum (D:8)
  2 basilisks
  3 steam dragons
  10 water moccasins
  10 orc warriors
  An ice beast (D:6)
  4 black bears
  A necrophage (D:6)
  12 wolves
  3 ogres
  5 centaurs
  4 boggarts (Lair:4)
  12 bullfrogs
  4 kobold brigands
  A gnoll sergeant (D:10)
  2 scorpions (D:6)
  5 wights (D:9)
  11 killer bees
  4 howler monkeys
  An electric eel (Lair:2)
  A bullfrog zombie (D:5)
  4 centaur zombies
  4 hounds
  2 orc priests
  A jelly (D:5)
  A bullfrog skeleton (D:7)
  Jessica (D:2)
  Ijyb (D:3)
  3 iguanas
  9 orc wizards
  A spriggan simulacrum (IceCv)
  A troll simulacrum (IceCv)
  A centaur simulacrum (IceCv)
  2 hound skeletons
  A howler monkey zombie (D:9)
  11 gnolls
  6 adders
  2 naga simulacra (IceCv)
  A shadow imp (D:8)
  A white imp (D:7)
  An ufetubus (D:5)
  An adder skeleton (D:4)
  A dart slug (D:4)
  52 orcs
  5 bats
  7 endoplasms
  6 giant cockroaches
  5 goblins
  8 hobgoblins
  5 jackals
  6 ball pythons
  4 frilled lizards
  13 kobolds
  4 rats
375 creatures vanquished.

Vanquished Creatures (collateral kills)
  An elephant (Lair:3)
  A black mamba (Lair:4)
  2 dream sheep (Lair:4)
  2 yaks (Lair:1)
  An orc warrior (D:8)
  3 wolves
  A centaur zombie (D:8)
  An orc priest (D:8)
  3 orcs (D:8)
15 creatures vanquished.

Vanquished Creatures (others)
  A bush (Lair:3)
  22 fungi
  21 plants
44 creatures vanquished.

Grand Total: 434 creatures vanquished

Notes
Turn   | Place    | Note
-------+----------+-------------------------------------------
     0 | D:1      | Feb132020 the Deep Elf Air Elementalist began the quest for
                  | the Orb.
     0 | D:1      | Reached XP level 1. HP: 10/10 MP: 6/6
    96 | D:1      | Found a faded altar of an unknown god.
   102 | D:1      | Became a worshipper of Makhleb the Destroyer
   102 | D:1      | Reached * piety under Makhleb
   297 | D:1      | Reached XP level 2. HP: 11/15 MP: 1/8
   300 | D:1      | Learned a level 2 spell: Static Discharge
   592 | D:1      | Found Ibbooman's Armour Emporium.
   857 | D:1      | Identified a scroll of acquirement
   858 | D:1      | Acquired 1088 gold pieces
   896 | D:1      | Bought the +1 leather armour "Uthatory" {*Corrode rN+
                  | Regen+} for 151 gold pieces
  1372 | D:2      | Reached XP level 3. HP: 17/19 MP: 4/9
  1504 | D:2      | Found Epiblil's Distillery.
  1513 | D:2      | Bought a potion of degeneration for 13 gold pieces
  1513 | D:2      | Bought a potion of mutation for 104 gold pieces
  1615 | D:2      | Found Betyzuer's Antique Armour Shop.
  1656 | D:2      | Found a sparkling altar of Nemelex Xobeh.
  1703 | D:2      | Found Viproucs's Magic Scroll Shop.
  1707 | D:2      | Bought a scroll of identify for 24 gold pieces
  1707 | D:2      | Bought a scroll of fear for 42 gold pieces
  1707 | D:2      | Bought a scroll of identify for 24 gold pieces
  1707 | D:2      | Bought a scroll of fog for 24 gold pieces
  1707 | D:2      | Bought a scroll of teleportation for 36 gold pieces
  1707 | D:2      | Bought a scroll of amnesia for 42 gold pieces
  1707 | D:2      | Bought a scroll of teleportation for 36 gold pieces
  1732 | D:2      | Reached ** piety under Makhleb
  1782 | D:2      | Noticed Jessica
  1785 | D:2      | Killed Jessica
  2004 | D:3      | Noticed Ijyb
  2010 | D:3      | Killed Ijyb
  2011 | D:3      | Reached skill level 1 in Armour
  2011 | D:3      | Reached XP level 4. HP: 12/24 MP: 2/11
  2224 | D:3      | Found Jittisen's Weapon Shop.
  2518 | D:3      | Reached skill level 1 in Invocations
  2548 | D:3      | HP: 1/24 [poisoned by a goblin]
  2605 | D:3      | Reached XP level 5. HP: 28/28 MP: 8/12
  2791 | D:3      | Found a shadowy altar of Dithmenos.
  2791 | D:3      | Found a shimmering blue altar of Sif Muna.
  3083 | D:4      | Noticed an orc warrior
  3145 | D:4      | Noticed an ogre
  3165 | D:3      | Reached skill level 4 in Spellcasting
  3245 | D:4      | Found a staircase to the Ecumenical Temple.
  3276 | D:4      | Reached XP level 6. HP: 32/32 MP: 11/14
  3352 | D:4      | Reached *** piety under Makhleb
  3868 | D:5      | Entered Level 5 of the Dungeon
  4138 | D:5      | Reached skill level 1 in Short Blades
  4619 | D:5      | Reached XP level 7. HP: 23/37 MP: 8/16
  4967 | D:6      | Noticed a steam dragon
  4986 | D:6      | Killed a steam dragon
  4987 | D:6      | Reached skill level 5 in Spellcasting
  5059 | D:6      | Learned a level 3 spell: Dazzling Flash
  5201 | D:6      | Reached skill level 1 in Hexes
  5284 | D:6      | Reached XP level 8. HP: 42/42 MP: 5/18
  5401 | D:6      | Reached skill level 5 in Air Magic
  5481 | D:6      | Reached skill level 6 in Spellcasting
  6125 | D:6      | Upgraded the game from 0.27-a0-1277-g3808f8b1c9 to
                  | 0.27-a0-1280-g9d2d252d84
  6211 | D:7      | Reached skill level 5 in Conjurations
  6354 | D:7      | Reached skill level 7 in Spellcasting
  6390 | D:7      | Reached skill level 1 in Fighting
  6538 | D:7      | Reached XP level 9. HP: 44/47 MP: 21/21
  6843 | D:8      | Reached **** piety under Makhleb
  6926 | D:8      | Learned a level 4 spell: Airstrike
  6931 | D:8      | Reached skill level 5 in Invocations
  7053 | D:8      | Acquired the +1 pair of gloves "Denext" {rPois rF- rN+
                  | Regen+}
  7124 | D:8      | Found a large runed translucent door.
  7124 | D:8      | Found a large runed translucent door.
  7134 | D:8      | Noticed Grum
  7285 | D:8      | Noticed Erica
  7412 | D:8      | Noticed confidenceinterval's ghost (journeyman DsIE)
  7436 | D:8      | Killed Grum
  7510 | D:8      | Reached skill level 5 in Hexes
  7955 | D:8      | Killed Erica
  7956 | D:8      | Reached skill level 8 in Spellcasting
  8198 | D:9      | Reached XP level 10. HP: 52/52 MP: 22/24
  8248 | D:9      | Reached skill level 1 in Shields
  8836 | D:9      | Reached skill level 9 in Spellcasting
  8838 | D:9      | Noticed Maggie
  8844 | D:9      | Killed Maggie
  8990 | D:9      | Reached ***** piety under Makhleb
  9113 | D:9      | Noticed Pikel
  9114 | D:9      | Noticed Maurice
  9124 | D:9      | Killed Pikel
  9127 | D:9      | Killed Maurice
  9315 | D:10     | Entered Level 10 of the Dungeon
  9423 | D:10     | Noticed a centaur warrior
  9510 | D:10     | Reached skill level 10 in Spellcasting
  9759 | D:10     | Identified the +2 falchion "Cun Ximyeh" {vorpal, Int+4
                  | Stlth+}
  9814 | D:10     | Noticed a two-headed ogre
  9821 | D:10     | Killed a two-headed ogre
  9822 | D:10     | Reached XP level 11. HP: 57/57 MP: 11/27
  9980 | D:10     | Noticed a two-headed ogre
 10185 | D:11     | Noticed a two-headed ogre
 10190 | D:11     | Killed a two-headed ogre
 10623 | D:11     | Noticed a green ugly thing
 10630 | D:11     | Killed a green ugly thing
 10776 | D:11     | Reached skill level 5 in Dodging
 11052 | D:11     | Reached skill level 5 in Stealth
 11056 | D:11     | Learned a level 3 spell: Swiftness
 11060 | D:11     | Learned a level 3 spell: Tukima's Dance
 11219 | D:11     | Reached skill level 11 in Spellcasting
 11383 | D:10     | Killed a two-headed ogre
 11408 | D:10     | Killed a centaur warrior
 11701 | D:10     | Found a staircase to the Lair.
 11873 | D:10     | Found a radiant altar of Vehumet.
 11873 | D:10     | Found a basalt altar of Yredelemnul.
 11879 | D:10     | Identified the +2 chain mail of the Barber Surgeon {Will+
                  | Dex+3}
 11923 | Lair:1   | Entered Level 1 of the Lair of Beasts
 12270 | Lair:1   | Learned a level 4 spell: Cause Fear
 12365 | Lair:1   | Reached XP level 12. HP: 62/62 MP: 20/29
 12601 | Lair:1   | Reached skill level 12 in Spellcasting
 12703 | Lair:1   | You fall into a shaft and drop 1 floor!
 12827 | Lair:2   | Identified the +3 quarterstaff "Killer Klown's Doom"
                  | {freeze, rC+ Int+5}
 13014 | Lair:2   | Found a staircase to the Snake Pit.
 13038 | Lair:2   | Noticed a five-headed hydra
 13048 | Lair:2   | Killed a five-headed hydra
 13677 | Lair:2   | Noticed Harold
 13687 | Lair:2   | Killed Harold
 14176 | Lair:2   | Reached skill level 1 in Evocations
 14637 | Lair:3   | Reached skill level 13 in Spellcasting
 14704 | Lair:3   | Found a frozen archway.
 14783 | IceCv    | Entered an ice cave
 14883 | IceCv    | Reached skill level 10 in Invocations
 15415 | IceCv    | Identified the +8 scimitar "Epuzegh" {drain, +Blink Fly
                  | rC-}
 15429 | IceCv    | Identified the +0 plate armour of Dramatic Exits {Harm
                  | Rampage}
 15746 | Lair:3   | Noticed a catoblepas
 15764 | Lair:3   | Reached skill level 1 in Long Blades
 15809 | Lair:3   | Reached skill level 10 in Air Magic
 15907 | Lair:3   | Reached XP level 13. HP: 40/68 MP: 23/32
 15958 | Lair:3   | Noticed Fannar
 15965 | Lair:3   | Killed Fannar
 17112 | Lair:4   | Reached skill level 14 in Spellcasting
 17295 | Lair:4   | Found a staircase to the Shoals.
 17600 | Lair:4   | Learned a level 5 spell: Lightning Bolt
 18529 | Lair:5   | Found a staircase to the Slime Pits.
 18529 | Lair:5   | Found a viscous altar of Jiyva.
 18555 | Lair:5   | Reached ****** piety under Makhleb
 18923 | Lair:5   | Identified the +4 leather armour of Qaibb {Str+3 Int+4}
 19064 | Lair:5   | You fall into a shaft and drop 1 floor!
 19064 | Lair:6   | Entered Level 6 of the Lair of Beasts
 19288 | Lair:5   | HP: 1/68 [eight-headed hydra (9)]
 19288 | Lair:5   | Mangled by an eight-headed hydra

Illustrated notes

Levels and vault maps discovered:
D:1:      lightli_arrival_maybe_door_vault, layout_basic, serial_shops,
          nicolae_shop_statue_plus, chequers_ecumenical_altar_simple
D:2:      layout_basic, basic_altar, serial_shops, shop, shop,
          nicolae_shop_crystal, minmay_misc_feat_room, uniq_jessica
D:3:      layout_rooms, jmf_multi_god_temple, serial_shops,
          nicolae_shop_crystal, uniq_ijyb
D:4:      layout_rooms, minmay_temple_entry_mini_moons,
          kennysheep_generic_room_4
D:5:      layout_loops_corners, minmay_misc_feat_encased,
          kennysheep_generic_room_3
D:6:      layout_rooms, serial_co_window_serial, co_window_of_opportunity_a,
          co_window_of_opportunity_a, co_window_corner_a, co_window_paths_a,
          co_window_corner_a, co_window_of_opportunity_b, co_window_broadway_c,
          co_window_corner_cb, glass_columns_a, minmay_unpleasant_kobolds
D:7:      layout_gridville, hangedman_glass_teeth
D:8:      layout_basic, ebering_ghost_disaster_area, special_room
          [special_room_orc], uniq_grum, uniq_erica
D:9:      layout_roguey, special_room [special_room_orc], uniq_maggie,
          uniq_pikel, uniq_maurice
D:10:     layout_rooms, gammafunk_temple_overflow_pools, david_lair_generic,
          abandoned_shop
D:11:     layout_loops_corners, hiddenorc1_lemuel
Lair:1:   layout_regular_city
Lair:2:   layout_hall_layers, dummy_snake_entry, fungi_pond_lemuel,
          infiniplex_staircase_pool_2, uniq_harold
Lair:3:   layout_regular_city, portal_ice_cave_demonic_guard,
          grunt_megastairs_5, lemuel_fruit_fields, minmay_lair_oklob_chamber,
          lemuel_fruit_tree, uniq_fannar
Lair:4:   layout_hall_layers, elwin_shoals_entry_rocks, st_stairs_12,
          kilobyte_rumbling_trees
Lair:5:   beast_lair_carwin_large_2, layout_gridlike, slime_altar_1,
          minivault_25, minivault_26, cheibrodos_lair_caveside_slide
Lair:6:   evilmike_catoblepas_cave, layout_layer_cave, uniq_josephine

Skill      XL: |  1  2  3  4  5  6  7  8  9 10 11 12 13 |
---------------+----------------------------------------+-----
Air Magic      | 4 5 6 7 8 10 | 10.8
Armour         | 1 2 3 |  3.4
Conjurations   | 2 3 4 5 6 7 |  7.6
Invocations    | 1 2 3 4 6 7 9 10 | 10.8
Spellcasting   | 4 5 7 8 10 11 13 14 | 14.4
Stealth        | 3 4 5 6 7 |  7.3
Short Blades   | 1 2 3 4 |  4.9
Dodging        | 3 4 5 6 |  6.1
Hexes          | 1 3 6 7 9 |  9.7
Fighting       | 1 2 3 |  3.0
Shields        | 1 |  1.9
Evocations     | 1 |  1.3
Long Blades    | 1 |  1.4

Action                   |  1- 3 |  4- 6 |  7- 9 | 10-12 | 13-15 || total
-------------------------+-------+-------+-------+-------+-------++-------
Melee: Dagger            |       |    89 |   113 |    34 |       ||   236
       Short sword       |       |       |       |   231 |   132 ||   363
       Falchion          |       |       |       |     9 |    28 ||    37
 Cast: Shock             |    63 |    97 |   138 |   148 |    13 ||   459
       Static Discharge  |     7 |    10 |    35 |    96 |    25 ||   173
       Airstrike         |       |       |     4 |   136 |    52 ||   192
       Dazzling Flash    |       |       |       |    16 |     8 ||    24
       Cause Fear        |       |       |       |     2 |     1 ||     3
Invok: Minor Destruction |       |       |     2 |     1 |       ||     3
       Lesser Servant of |       |       |     4 |     2 |     2 ||     8
       Major Destruction |       |       |       |     3 |       ||     3
Evoke: Wand              |       |       |       |    14 |       ||    14
       Phial of floods   |       |       |       |     1 |       ||     1
  Use: Scroll            |     8 |     5 |     6 |     4 |     2 ||    25
       Potion            |       |       |     1 |     2 |       ||     3
 Stab: Sleeping          |       |     5 |     8 |     9 |     3 ||    25
       Invisible         |       |       |       |    15 |     6 ||    21
Armor: Leather armour    |     4 |    31 |    60 |     8 |    10 ||   113
       Robe              |       |       |       |    76 |    38 ||   114
Dodge: Dodged            |     7 |    64 |   104 |   230 |   138 ||   543
Block: Buckler           |       |       |    18 |    63 |    34 ||   115
       Rpst.: Falchion   |       |       |       |    14 |    18 ||    32

Table legend: (Time is in decaauts)
 A = Elapsed time spent in this place.
 B = Non-inter-level travel time spent in this place.
 C = Inter-level travel time spent in this place.
 D = Time resting spent in this place.
 E = Time spent auto-exploring this place.
 F = Levels seen in this place.
 G = Mean time per level.
                   A        B        C        D        E       F      G
               +--------+--------+--------+--------+--------+-----+--------+
         Total |  19164 |  18399 |    765 |    507 |  14742 |  18 | 1064.7 |
       Dungeon |  11925 |  11302 |    623 |    193 |   9277 |  11 | 1084.1 |
          Lair |   6559 |   6417 |    142 |     78 |   5185 |   6 | 1093.2 |
      Ice Cave |    680 |    680 |      0 |    235 |    280 |   1 |  680.0 |
               +--------+--------+--------+--------+--------+-----+--------+

Top non-repeatable levels by time:
  Lair:3: 1764 daAuts
     D:9: 1451 daAuts
  Lair:4: 1422 daAuts
  Lair:2: 1389 daAuts
    D:11: 1320 daAuts
  Lair:1: 1228 daAuts
     D:1: 1213 daAuts
     D:8: 1211 daAuts
     D:6: 1158 daAuts
     D:3: 1077 daAuts
     D:5: 1065 daAuts
    D:10: 1028 daAuts
     D:7: 823 daAuts
     D:2: 790 daAuts
     D:4: 785 daAuts
